 Dungeon Crawl Stone Soup version 0.31-a0-536-ga3e2962e35 (webtiles) character file.

Game seed: 15578092318848914047

5 Ethylacetat the Ducker (level 1, -2/14 HPs)
             Began as an Octopode Gladiator on Aug 13, 2023.
             Slain by a black bear (6 damage)
             ... created by the rage of Trog
             ... on level 1 of the Dungeon.
             The game lasted 00:00:46 (236 turns).

Ethylacetat the Ducker (Octopode Gladiator)          Turns: 236, Time: 00:00:47

Health: -2/14      AC:  1    Str: 13    XL:     1   Next: 80%
Magic:  1/1        EV: 14    Int: 10    God:
Gold:   20         SH:  0    Dex: 13    Spells: 0/0 levels left

rFire   . . .        a - +0 rapier
rCold   . . .        (no shield)
rNeg    . . .        b - +0 hat
rPois   .            (no amulet)
rElec   .            (no ring)
rCorr   .            (no ring)
SInv    .            (no ring)
Will    .....        (no ring)
Stlth   +++          (no ring)
HPRegen 0.22/turn    (no ring)
MPRegen 0.07/turn    (no ring)
                     (no ring)

%: no passive effects
@: no status effects
A: almost no armour, amphibious, 8 rings, camouflage 1, gelatinous body 1,
(nimble swimmer 1), tentacles
a: no special abilities


You were on level 1 of the Dungeon.
You visited 1 branch of the dungeon, and saw 1 of its levels.

You collected 20 gold pieces.

Inventory:

Hand Weapons
 a - a +0 rapier (weapon)
Missiles
 c - 3 throwing nets (quivered)
 d - a javelin
Armour
 b - a +0 hat (worn)
Potions
 e - a potion of brilliance {unknown}
 f - a potion of ambrosia {unknown}


   Skills:
 + Level 2.1 Fighting
 + Level 3.1 Short Blades
 - Level 2.0 Throwing
 + Level 3.1 Dodging
 + Level 0.8 Stealth


You couldn't memorise any spells.
You didn't know any spells.
Your spell library contained the following spells:

 Spells                   Type           Power      Damage    Failure   Level
 Summon Forest            Summ/Tloc      0%         N/A       100%        5
 Summon Mana Viper        Hex/Summ       0%         N/A       100%        5
 Summon Cactus Giant      Summ           0%         N/A       100%        6


Dungeon Overview and Level Annotations

Branches:
Dungeon (1/15)

Altars:
Trog


Innate Abilities, Weirdness & Mutations

You cannot wear most types of armour.
You are amphibious.
You can wear up to eight rings at the same time.
Your skin changes colour to match your surroundings (Stealth+).
Your rubbery body absorbs attacks. (AC +1, EV +1)
((You are camouflaged when in or above water. (Stealth+)))
You have tentacles for arms and can constrict up to eight enemies at once.


Message History

You barely miss the giant cockroach. You grab the giant cockroach.
You constrict the giant cockroach. The giant cockroach bites you.
You hit the giant cockroach but do no damage.
Your squeeze misses the giant cockroach.
The giant cockroach is heavily wounded.
You constrict the giant cockroach.
You kill the giant cockroach!
HP restored.
A kobold comes into view. It is wielding a +0 short sword.
Found a book of the Wilderness.
The kobold shouts!
The kobold hits you but does no damage.
A kobold is nearby!
You closely miss the kobold. Your grab misses the kobold.
You squeeze the kobold.
You kill the kobold!
Found a stone staircase leading down.
You pick up a book of the Wilderness and begin reading...
You add the spells Summon Forest, Summon Mana Viper and Summon Cactus Giant to your library.
No target in view!
Trog sends monsters to punish you. 2 black bears come into view.
You closely miss the black bear. You grab the black bear.
You squeeze the black bear.
The black bear is lightly wounded.
You constrict the black bear, but do no damage.
There are monsters nearby!
You hit the black bear but do no damage.
You squeeze the black bear.
The black bear is lightly wounded.
You constrict the black bear. The black bear barely misses you.
The black bear claws you but does no damage.
The black bear closely misses you.
You hit the black bear.
The black bear is moderately wounded.
You constrict the black bear. The black bear bites you!
Ouch! That really hurt!
* * * LOW HITPOINT WARNING * * *
The black bear claws you.
You die...

#.. #.. #.. ##.
#.. ####...
#..#.......
#####..!.......
.......h...$...
#......h@......$
...##.....######
. >..##........#
. ............#
# ..##........#
# #........##
#...........
##.......###
#.......#


You could see 2 black bears.

Vanquished Creatures
  2 giant cockroaches (D:1)
  A hobgoblin (D:1)
  A ball python (D:1)
  A kobold (D:1)
5 creatures vanquished.

Notes
Turn   | Place    | Note
-------+----------+-------------------------------------------
     0 | D:1      | Ethylacetat the Octopode Gladiator began the quest for the
                  | Orb.
     0 | D:1      | Reached XP level 1. HP: 14/14 MP: 1/1
    87 | D:1      | Found a faded altar of an unknown god.
   146 | D:1      | Prayed at the altar of an unknown god.
   146 | D:1      | Became a worshipper of Trog the Wrathful
   146 | D:1      | Reached * piety under Trog
   147 | D:1      | Fell from the grace of Trog
   234 | D:1      | Noticed a black bear
   234 | D:1      | Noticed a black bear
   236 | D:1      | Slain by a black bear

Illustrated notes

Levels and vault maps discovered:
D:1:      ncdulo_lavacross, layout_basic, ebering_ecumenical_altar_box

Action                     || total
---------------------------++-------
  Melee: Rapier            ||    11
         Constrict         ||     5
         Tentacles         ||     4
 Invoke: Renounce Religion ||     1
 Armour: Skin              ||     2
  Dodge: Dodged            ||     5

Table legend: (Time is in decaauts)
 A = Elapsed time spent in this place.
 B = Non-inter-level travel time spent in this place.
 C = Inter-level travel time spent in this place.
 D = Time resting spent in this place.
 E = Time spent auto-exploring this place.
 F = Levels seen in this place.
 G = Mean time per level.
                   A        B        C        D        E       F      G
               +--------+--------+--------+--------+--------+-----+--------+
         Total |    236 |    236 |      0 |      0 |    175 |   1 |  236.0 |
       Dungeon |    236 |    236 |      0 |      0 |    175 |   1 |  236.0 |
               +--------+--------+--------+--------+--------+-----+--------+

Top non-repeatable levels by time:
     D:1: 236 daAuts
